[Event "ICC tourney 2530 (3 2)"]
[Site "Internet Chess Club"]
[Date "2021.04.23"]
[Round "3"]
[White "AVNER DEUTSCH, DAVID:K09-17126014"]
[Black "KRISHNAN, SAATVIK:K09-15210955"]
[Result "0-1"]
[ICCResult "White checkmated"]
[WhiteElo "1400"]
[BlackElo "1400"]
[Opening "QGD: Tarrasch defense, 4.cd ed"]
[ECO "D32"]
[NIC "TD.10"]
[Time "18:39:47"]
[PlyCount "172"]
[TimeControl "180+2"]

1. d4 d5 2. c4 e6 3. Nc3 c5 4. cxd5 exd5 5. dxc5 d4 6. Ne4 Bxc5 7. Nxc5
Qa5+ 8. Bd2 Qxc5 9. Nf3 Nc6 10. Rc1 Qe7 11. Bg5 Qb4+ 12. Qd2 Qxd2+ 13. Bxd2
Nf6 14. e3 dxe3 15. Bxe3 O-O 16. Bb5 Bd7 17. Nd4 Nxd4 18. Bxd7 Nf3+ 19.
gxf3 Nxd7 20. Rc7 Ne5 21. Rxb7 Nxf3+ 22. Ke2 Ne5 23. Rxa7 Rxa7 24. Bxa7 Ra8
25. Bd4 Nc6 26. Bc3 Rxa2 27. Rg1 g6 28. Kd2 Ra4 29. h4 f5 30. h5 Ne7 31.
hxg6 hxg6 32. Bf6 Nd5 33. Bh4 Kf7 34. Bg3 f4 35. Bh4 Rb4 36. Kc2 f3 37. Bg3
Nf4 38. Bxf4 Rxf4 39. Kc3 Re4 40. Rf1 Re2 41. b4 Ke6 42. Kc4 Kd7 43. Kc5
Ke6 44. Kb6 Kd5 45. b5 g5 46. Kb7 Kc4 47. b6 Kd3 48. Kc8 g4 49. b7 Rb2 50.
b8=Q Rxb8+ 51. Kxb8 Ke2 52. Rg1 Kxf2 53. Rxg4 Ke1 54. Rf4 f2 55. Re4+ Kd2
56. Rf4 Ke3 57. Rf8 Ke2 58. Re8+ Kd2 59. Rf8 Ke2 60. Re8+ Kd2 61. Rf8 Ke2
62. Re8+ Kd2 63. Rd8+ Ke2 64. Re8+ Kd2 65. Rf8 Ke2 66. Kc7 f1=Q 67. Re8+
Kd2 68. Rd8+ Kc3 69. Rd6 Kc4 70. Rc6+ Kb5 71. Rb6+ Ka5 72. Rd6 Qf7+ 73. Rd7
Qf4+ 74. Rd6 Kb5 75. Kd7 Kc5 76. Rc6+ Kd5 77. Re6 Qf7+ 78. Re7 Qf5+ 79. Kc7
Kc5 80. Re1 Qf4+ 81. Kb7 Qf3+ 82. Ka7 Qa3+ 83. Kb7 Qb4+ 84. Kc7 Qxe1 85.
Kb8 Kb6 86. Kc8 Qe8# { White checkmated } 0-1

[Event "ICC tourney 2530 (3 2)"]
[Site "Internet Chess Club"]
[Date "2021.04.23"]
[Round "4"]
[White "SAFRANEK, WILLIAM:K09-15106903"]
[Black "WANG, OLLI:K09-17042860"]
[Result "1-0"]
[ICCResult "Black checkmated"]
[WhiteElo "1400"]
[BlackElo "1400"]
[Opening "Caro-Kann defense"]
[ECO "B15"]
[NIC "CK.05"]
[Time "18:53:07"]
[PlyCount "21"]
[TimeControl "180+2"]

1. e4 c6 2. d4 d5 3. Nc3 c5 4. dxc5 Nc6 5. exd5 Nb4 6. a3 Na6 7. Bb5+ Bd7
8. c6 bxc6 9. dxc6 Bxc6 10. Bxc6+ Qd7 11. Qxd7# { Black checkmated } 1-0

[Event "ICC tourney 2530 (3 2)"]
[Site "Internet Chess Club"]
[Date "2021.04.23"]
[Round "4"]
[White "SIDDIQI, AMAN:K09-30165568"]
[Black "EILEEN MILLER, ANNA:K09-16812002"]
[Result "0-1"]
[ICCResult "White checkmated"]
[WhiteElo "1144"]
[BlackElo "1400"]
[Opening "Four knights: Italian variation"]
[ECO "C28"]
[NIC "VG.04"]
[Time "18:53:09"]
[PlyCount "26"]
[TimeControl "180+2"]

1. e4 e5 2. Nc3 Nc6 3. Bc4 Nf6 4. Nf3 h6 5. b3 Bb4 6. Bb2 d6 7. d3 Bg4 8.
O-O Nd4 9. h3 Nxf3+ 10. gxf3 Bxh3 11. Re1 Nh5 12. a3 Qg5+ 13. Kh1 Qg2# {
White checkmated } 0-1

[Event "ICC tourney 2530 (3 2)"]
[Site "Internet Chess Club"]
[Date "2021.04.23"]
[Round "4"]
[White "BASTIANI FONCK, CLAUDIO:K12-16874166"]
[Black "AVNER DEUTSCH, DAVID:K09-17126014"]
[Result "0-1"]
[ICCResult "White resigns"]
[WhiteElo "1400"]
[BlackElo "1400"]
[Opening "French: advance, Nimzovich system"]
[ECO "C02"]
[NIC "FR.03"]
[Time "18:53:32"]
[PlyCount "36"]
[TimeControl "180+2"]

1. e4 e6 2. d4 d5 3. e5 c5 4. Nf3 cxd4 5. Nxd4 Nc6 6. Be3 Nxe5 7. Bd3 Nxd3+
8. Qxd3 Be7 9. O-O Nf6 10. Nc3 a6 11. a4 O-O 12. Rfe1 Bd7 13. b3 Qc7 14.
Bd2 Bd6 15. Nce2 Bxh2+ 16. Kh1 Bd6 17. Nf3 Ne4 18. Nc3 Nxf2+ { White
resigns } 0-1

[Event "ICC tourney 2530 (3 2)"]
[Site "Internet Chess Club"]
[Date "2021.04.23"]
[Round "4"]
[White "PARK, EVAN:K09-15748464"]
[Black "GUERRERIO, CHRISTOPHER:K09-16206065"]
[Result "1-0"]
[ICCResult "Black resigns"]
[WhiteElo "1400"]
[BlackElo "1108"]
[Opening "Ruy Lopez: 5.O-O"]
[ECO "C78"]
[NIC "RL.12"]
[Time "18:54:00"]
[PlyCount "33"]
[TimeControl "180+2"]

1. e4 e5 2. Nf3 Nc6 3. Bb5 a6 4. Ba4 Nf6 5. O-O b5 6. Bb3 Bc5 7. c3 Bb6 8.
d4 exd4 9. cxd4 O-O 10. e5 Ng4 11. h3 Nh6 12. Bxh6 gxh6 13. Nc3 d6 14. Nd5
Ba7 15. Nf6+ Kh8 16. Qd3 Bf5 17. Qxf5 { Black resigns } 1-0

[Event "ICC tourney 2530 (3 2)"]
[Site "Internet Chess Club"]
[Date "2021.04.23"]
[Round "4"]
[White "VIBHAV BONDALAPATI, SRI:K09-16633657"]
[Black "AUGUST QUESTER BOYDEN, HUGO:K09-30161202"]
[Result "1-0"]
[ICCResult "Black checkmated"]
[WhiteElo "1400"]
[BlackElo "1400"]
[Opening "Two knights defense"]
[ECO "C57"]
[NIC "KP.01"]
[Time "18:53:07"]
[PlyCount "85"]
[TimeControl "180+2"]

1. e4 e5 2. Nf3 Nc6 3. Bc4 Nf6 4. Ng5 d5 5. exd5 Nxd5 6. Qf3 Qxg5 7. Bxd5
Be6 8. Bxc6+ bxc6 9. Qxc6+ Bd7 10. Qxa8+ Qd8 11. Qxd8+ Kxd8 12. O-O Bc5 13.
c3 Bf5 14. b4 Be7 15. d3 Bxd3 16. Rd1 e4 17. f3 Ke8 18. Bf4 Bc2 19. Rd2 Ba4
20. fxe4 Bc6 21. Bxc7 g5 22. Na3 Rg8 23. Rad1 Bd8 24. Rxd8+ Ke7 25. Rxg8
Kf6 26. Bd8+ Ke5 27. Rxg5+ Kxe4 28. Rh5 Ke3 29. Rxh7 Ke2 30. Rd6 Be4 31.
Rxf7 a6 32. Ra7 a5 33. bxa5 Ke1 34. Re7 Ke2 35. a6 Ke3 36. Bb6+ Kf4 37. a7
Kf5 38. Rxe4 Kxe4 39. a8=Q+ Ke5 40. Qd5+ Kf4 41. g3+ Kg4 42. Rg6+ Kh3 43.
Qd7# { Black checkmated } 1-0

[Event "ICC tourney 2530 (3 2)"]
[Site "Internet Chess Club"]
[Date "2021.04.23"]
[Round "4"]
[White "GOWDA, PRAKYATH:K09-16326375"]
[Black "PEREZ MEZA, RODRIGO:K09-30127782"]
[Result "0-1"]
[ICCResult "White resigns"]
[WhiteElo "1400"]
[BlackElo "1400"]
[Opening "Caro-Kann defense"]
[ECO "B10"]
[NIC "CK.01"]
[Time "18:54:00"]
[PlyCount "24"]
[TimeControl "180+2"]

1. e4 c6 2. Nf3 d5 3. exd5 cxd5 4. Ng5 Bf5 5. Qh5 Bg6 6. Qf3 Nf6 7. Bb5+
Nc6 8. d4 a6 9. Ba4 b5 10. Bb3 e6 11. Bf4 Nxd4 12. Qd3 Bxd3 { White resigns
} 0-1

[Event "ICC tourney 2530 (3 2)"]
[Site "Internet Chess Club"]
[Date "2021.04.23"]
[Round "4"]
[White "NATHAN, KAPIL:K12-15120535"]
[Black "LEE, JOSHUA:K09-16260353"]
[Result "1-0"]
[ICCResult "Black resigns"]
[WhiteElo "1400"]
[BlackElo "1400"]
[Opening "Ruy Lopez: Caro variation"]
[ECO "C70"]
[NIC "RL.09"]
[Time "18:54:00"]
[PlyCount "25"]
[TimeControl "180+2"]

1. e4 e5 2. Nf3 Nc6 3. Bb5 a6 4. Ba4 b5 5. Bb3 Nf6 6. O-O Bc5 7. c3 Bb7 8.
d4 exd4 9. cxd4 Bb6 10. e5 Ne4 11. Re1 Nxd4 12. Nxd4 c5 13. Nf3 { Black
resigns } 1-0

[Event "ICC tourney 2530 (3 2)"]
[Site "Internet Chess Club"]
[Date "2021.04.23"]
[Round "4"]
[White "TANZI, ANTONIO:K12-30133927"]
[Black "SAI TUBATI, TARUN:K09-16761313"]
[Result "0-1"]
[ICCResult "White checkmated"]
[WhiteElo "1400"]
[BlackElo "1400"]
[Opening "Four knights: Italian variation"]
[ECO "C55"]
[NIC "IG.01"]
[Time "18:53:15"]
[PlyCount "76"]
[TimeControl "180+2"]

1. e4 e5 2. Nf3 Nc6 3. Bc4 Nf6 4. Nc3 Nxe4 5. Nxe4 d5 6. Bd3 dxe4 7. Bxe4
Bg4 8. O-O Bc5 9. Qe2 O-O 10. h3 Bh5 11. Bxc6 bxc6 12. d3 Qd5 13. Qe4 Qxe4
14. dxe4 Bxf3 15. gxf3 Bd4 16. Be3 Bxb2 17. Rab1 Bd4 18. Bxd4 exd4 19. c3
dxc3 20. Rbc1 Rab8 21. a4 Rb4 22. Rxc3 Rxa4 23. Rxc6 Rc8 24. Rd1 a5 25.
Rxc7 Re8 26. Rdc1 h6 27. e5 Rxe5 28. f4 Rxf4 29. Rc8+ Kh7 30. Ra8 a4 31.
Rc7 Re2 32. Kg2 Rexf2+ 33. Kg3 R4f3+ 34. Kg4 a3 35. h4 a2 36. Rc1 Rb3 37.
Ra1 f5+ 38. Kh5 g6# { White checkmated } 0-1

[Event "ICC tourney 2530 (3 2)"]
[Site "Internet Chess Club"]
[Date "2021.04.23"]
[Round "4"]
[White "SAXENA, PRATHAM:K09-30155954"]
[Black "WISNIOWSKI, NATALIE:K09-15702390"]
[Result "0-1"]
[ICCResult "White resigns"]
[WhiteElo "1400"]
[BlackElo "1400"]
[Opening "Sicilian: Najdorf, 6.f4"]
[ECO "B93"]
[NIC "SI.12"]
[Time "18:53:06"]
[PlyCount "98"]
[TimeControl "180+2"]

1. e4 c5 2. Nf3 d6 3. Nc3 Nf6 4. d4 cxd4 5. Nxd4 a6 6. f4 e5 7. fxe5 dxe5
8. Nf3 Qxd1+ 9. Kxd1 Bd6 10. Nd5 Nxd5 11. exd5 O-O 12. Bc4 Bg4 13. h3 Bh5
14. g4 Bg6 15. h4 Nd7 16. h5 Be4 17. Rf1 Nb6 18. b3 Rac8 19. Nd2 Bxd5 20.
Bxd5 Nxd5 21. c4 Ne3+ 22. Ke1 Nxf1 23. Kxf1 f5 24. gxf5 Rxf5+ 25. Ke1 Rxh5
26. Ne4 Bb4+ 27. Ke2 Rd8 28. Bd2 Bxd2 29. Nxd2 Rh2+ 30. Ke3 Rdxd2 31. Ke4
Rxa2 32. Rxa2 Rxa2 33. Kxe5 Rb2 34. Kd5 Rxb3 35. c5 Rc3 36. Kd6 a5 37. Kc7
Rxc5+ 38. Kxb7 a4 39. Ka6 a3 40. Kb6 a2 41. Kxc5 a1=Q 42. Kd6 Qe1 43. Kd5
Kf7 44. Kd6 Qe6+ 45. Kc5 Qd7 46. Kc4 g5 47. Kc3 g4 48. Kc4 g3 49. Kc3 g2 {
White resigns } 0-1

[Event "ICC tourney 2530 (3 2)"]
[Site "Internet Chess Club"]
[Date "2021.04.23"]
[Round "4"]
[White "T FEDDERSEN, NICHOLAS:K09-17108237"]
[Black "LAD, DALTON:K12-16754385"]
[Result "1-0"]
[ICCResult "Black resigns"]
[WhiteElo "1400"]
[BlackElo "1400"]
[Opening "Scandinavian (center counter) defense"]
[ECO "B01"]
[NIC "SD.01"]
[Time "18:54:00"]
[PlyCount "51"]
[TimeControl "180+2"]

1. e4 d5 2. exd5 Qxd5 3. Nc3 Qa5 4. Nf3 Nf6 5. g3 c6 6. Bg2 Bf5 7. O-O e6
8. d3 Be7 9. Be3 Nbd7 10. Qd2 O-O 11. Rfe1 Bb4 12. a3 Bxc3 13. Qxc3 Qxc3
14. bxc3 Nd5 15. c4 Nxe3 16. Rxe3 Rad8 17. h3 h6 18. Rb1 Nb6 19. g4 Bh7 20.
Ne5 f6 21. Nf3 e5 22. Nd2 Rd4 23. Nb3 Rd7 24. Nc5 Re7 25. a4 a5 26. Rxb6 {
Black resigns } 1-0

[Event "ICC tourney 2530 (3 2)"]
[Site "Internet Chess Club"]
[Date "2021.04.23"]
[Round "4"]
[White "LIU, CATHERINE:K09-15277304"]
[Black "ZHOU, ATHENA:K09-17305940"]
[Result "0-1"]
[ICCResult "White checkmated"]
[WhiteElo "1400"]
[BlackElo "1400"]
[Opening "Bishop's opening: Berlin defense"]
[ECO "C24"]
[NIC "IG.04"]
[Time "18:53:10"]
[PlyCount "92"]
[TimeControl "180+2"]

1. e4 e5 2. Bc4 Nf6 3. d3 Nc6 4. c3 Bc5 5. Nf3 O-O 6. O-O h6 7. a4 d5 8.
exd5 Nxd5 9. Bxd5 Qxd5 10. b4 Be7 11. Be3 e4 12. dxe4 Qxe4 13. Nbd2 Qd3 14.
Qb3 Be6 15. c4 Qxb3 16. Nxb3 Bxc4 17. Nc5 Bxf1 18. Kxf1 Bxc5 19. Bxc5 Rfe8
20. Rd1 b6 21. Be3 Nxb4 22. Nd4 Rad8 23. Ke1 Nd5 24. Nc6 Rd6 25. Nxa7 Nxe3
26. fxe3 Rxd1+ 27. Kxd1 Rxe3 28. Nb5 Rb3 29. Nxc7 Kf8 30. Nd5 Rd3+ 31. Kc2
Rxd5 32. Kc3 Ra5 33. Kb4 Ke7 34. g3 f5 35. h3 g5 36. h4 gxh4 37. gxh4 f4
38. h5 f3 39. Kb3 f2 40. Kb4 f1=Q 41. Kb3 Qf3+ 42. Kb4 Qe4+ 43. Kb3 Rd5 44.
Ka3 Rd3+ 45. Kb2 Qe2+ 46. Kc1 Rd1# { White checkmated } 0-1

[Event "ICC tourney 2530 (3 2)"]
[Site "Internet Chess Club"]
[Date "2021.04.23"]
[Round "4"]
[White "GELDIYEV, MEKAN:K12-30158418"]
[Black "YUMA GRENDA, LUCAS:K12-30158654"]
[Result "1-0"]
[ICCResult "Black resigns"]
[WhiteElo "1400"]
[BlackElo "1433"]
[Opening "Sicilian defense"]
[ECO "B30"]
[NIC "SI.31"]
[Time "18:53:24"]
[PlyCount "65"]
[TimeControl "180+2"]

1. e4 c5 2. Nf3 Nc6 3. Nc3 e6 4. Bc4 Nf6 5. d3 d5 6. exd5 exd5 7. Bb5 a6 8.
Bxc6+ bxc6 9. d4 c4 10. Bg5 Be7 11. O-O O-O 12. b3 Be6 13. bxc4 dxc4 14.
Bxf6 Bxf6 15. Re1 Bg4 16. h3 Bh5 17. Re3 Re8 18. Qd2 Bxf3 19. Rxf3 Bxd4 20.
Qf4 f6 21. Rd1 c5 22. Nb1 Bxf2+ 23. Kxf2 Qxd1 24. Qxc4+ Kh8 25. Nc3 Qxc2+
26. Kg3 Qg6+ 27. Kh2 Re4 28. Qxe4 Qxe4 29. Nxe4 c4 30. Rc3 Rc8 31. Nd6 Rc6
32. Rxc4 Rxc4 33. Nxc4 { Black resigns } 1-0

[Event "ICC tourney 2530 (3 2)"]
[Site "Internet Chess Club"]
[Date "2021.04.23"]
[Round "4"]
[White "WANG, LUCAS:K12-16797884"]
[Black "KUMAR MULPURI, PARTHIV:K09-16906012"]
[Result "1-0"]
[ICCResult "Black resigns"]
[WhiteElo "1400"]
[BlackElo "1400"]
[Opening "Four knights: Scotch, 4...exd4"]
[ECO "C47"]
[NIC "KP.06"]
[Time "18:54:00"]
[PlyCount "35"]
[TimeControl "180+2"]

1. e4 e5 2. Nf3 Nc6 3. Nc3 Nf6 4. d4 exd4 5. Nxd4 Nxd4 6. Qxd4 d6 7. Qd2 g6
8. g3 Bg7 9. Bg2 O-O 10. O-O b6 11. e5 dxe5 12. Bxa8 Qxd2 13. Bxd2 Bh3 14.
Bg2 Bxg2 15. Kxg2 Rd8 16. Rfd1 Nh5 17. Bg5 f6 18. Rxd8+ { Black resigns }
1-0

[Event "ICC tourney 2530 (3 2)"]
[Site "Internet Chess Club"]
[Date "2021.04.23"]
[Round "4"]
[White "BATBOLD, SETSBILEG:K09-30132252"]
[Black "KLEIN, JACOB:K09-15995270"]
[Result "0-1"]
[ICCResult "White resigns"]
[WhiteElo "1400"]
[BlackElo "1400"]
[Opening "Giuoco Piano"]
[ECO "C54"]
[NIC "IG.02"]
[Time "18:53:46"]
[PlyCount "54"]
[TimeControl "180+2"]

1. e4 e5 2. Nf3 Nc6 3. Bc4 Bc5 4. c3 Nf6 5. d4 exd4 6. cxd4 Bb4+ 7. Bd2
Bxd2+ 8. Qxd2 Nxe4 9. Qe2 Qe7 10. Nc3 Nxc3 11. Qxe7+ Nxe7 12. bxc3 O-O 13.
O-O d5 14. Bb5 c6 15. Bd3 b5 16. Rfe1 Ng6 17. Ng5 f6 18. Nf3 f5 19. Ne5
Nxe5 20. Rxe5 g6 21. Rae1 Bd7 22. Re7 Rae8 23. Rxe8 Rxe8 24. Rxe8+ Bxe8 25.
Bc2 f4 26. a4 a6 27. axb5 axb5 { White resigns } 0-1

[Event "ICC tourney 2530 (3 2)"]
[Site "Internet Chess Club"]
[Date "2021.04.23"]
[Round "4"]
[White "ANANTHARAMAN, AASHISH:K09-15992442"]
[Black "SATISH UPPATHIL, ADITHYA:K09-30062860"]
[Result "1-0"]
[ICCResult "Black checkmated"]
[WhiteElo "1400"]
[BlackElo "1400"]
[Opening "Scandinavian (center counter) defense"]
[ECO "B01"]
[NIC "VO.17"]
[Time "18:53:40"]
[PlyCount "63"]
[TimeControl "180+2"]

1. e4 d5 2. exd5 Qxd5 3. Nf3 Bg4 4. Be2 Nf6 5. O-O Nc6 6. h3 Bh5 7. Nc3 Qa5
8. d4 O-O-O 9. a3 Bxf3 10. Bxf3 Nxd4 11. Bd2 Qf5 12. Be2 Nxc2 13. Rc1 Nd4
14. Qa4 Nc6 15. Be3 Kb8 16. Rfd1 Rxd1+ 17. Rxd1 e6 18. Bf3 Nd5 19. Nxd5
exd5 20. Bxd5 Bd6 21. Bxc6 bxc6 22. Qxa7+ Kc8 23. Qa8+ Kd7 24. Qxh8 Qe5 25.
g3 Qxb2 26. Qxh7 Qxa3 27. Qxg7 Kc8 28. Qxf7 Bxg3 29. Qd7+ Kb7 30. Rb1+ Ka6
31. Qxc6+ Ka5 32. Qb5# { Black checkmated } 1-0

[Event "ICC tourney 2530 (3 2)"]
[Site "Internet Chess Club"]
[Date "2021.04.23"]
[Round "4"]
[White "CHOW, JOHANNES:K09-30063081"]
[Black "KINI, SIDDHARTH:K09-15628986"]
[Result "1-0"]
[ICCResult "Black resigns"]
[WhiteElo "1400"]
[BlackElo "1400"]
[Opening "Ruy Lopez: modern Steinitz defense, 5.O-O"]
[ECO "C72"]
[NIC "RL.10"]
[Time "18:54:00"]
[PlyCount "39"]
[TimeControl "180+2"]

1. e4 e5 2. Nf3 Nc6 3. Bb5 a6 4. Ba4 d6 5. O-O Bd7 6. c3 Nf6 7. Re1 g6 8.
d4 exd4 9. cxd4 Be7 10. Nc3 b5 11. Bb3 h5 12. Bg5 b4 13. Nd5 O-O 14. Nxe7+
Qxe7 15. e5 dxe5 16. dxe5 Be6 17. Bxf6 Bxb3 18. Qxb3 Qe6 19. Qe3 a5 20. Qh6
{ Black resigns } 1-0

[Event "ICC tourney 2530 (3 2)"]
[Site "Internet Chess Club"]
[Date "2021.04.23"]
[Round "4"]
[White "ANG, TIMOTHY:K09-16772800"]
[Black "S JANIS, MAXTON:K09-30158505"]
[Result "1-0"]
[ICCResult "Black checkmated"]
[WhiteElo "1400"]
[BlackElo "1009"]
[Opening "Petrov three knights game"]
[ECO "C42"]
[NIC "RG.01"]
[Time "18:53:40"]
[PlyCount "71"]
[TimeControl "180+2"]

1. e4 e5 2. Nf3 Nf6 3. Nc3 Bc5 4. Nxe5 Ng4 5. Nxg4 d5 6. exd5 Bxg4 7. Qxg4
O-O 8. Bc4 Nd7 9. O-O Bd6 10. d4 b6 11. Bh6 g6 12. Bxf8 Qxf8 13. Qxd7 Qh6
14. h3 Qf4 15. g3 Qf3 16. Qg4 Qf6 17. Ne4 Qf5 18. Qxf5 gxf5 19. Nxd6 cxd6
20. Rfe1 Rc8 21. Bb3 Rf8 22. Re7 f6 23. Rd7 a5 24. Rxd6 b5 25. a4 bxa4 26.
Rxa4 Re8 27. Rxf6 Re1+ 28. Kg2 Kg7 29. Re6 Kf7 30. Rxe1 Kf6 31. d6 f4 32.
d7 f3+ 33. Kxf3 Kf5 34. Re5+ Kf6 35. d8=Q+ Kg6 36. Qg5# { Black checkmated
} 1-0

[Event "ICC tourney 2530 (3 2)"]
[Site "Internet Chess Club"]
[Date "2021.04.23"]
[Round "4"]
[White "TRAN, NUGEN:K09-16809941"]
[Black "KUMAR TIBREWAL, AYUSH:K12-14952527"]
[Result "0-1"]
[ICCResult "White forfeits on time"]
[WhiteElo "1400"]
[BlackElo "1400"]
[Opening "Queen's gambit accepted"]
[ECO "D20"]
[NIC "QG.03"]
[Time "18:53:40"]
[PlyCount "38"]
[TimeControl "180+2"]

1. d4 d5 2. c4 dxc4 3. e3 Nc6 4. Nf3 Nf6 5. Nc3 e6 6. Bxc4 Bd6 7. h3 O-O 8.
O-O Bd7 9. Re1 e5 10. dxe5 Bxe5 11. Nxe5 Nxe5 12. Bb3 Nc6 13. e4 Re8 14.
Bg5 Re5 15. Bxf6 Qxf6 16. Qxd7 Rd8 17. Qg4 Rg5 18. Qe2 Qf4 19. Rad1 Nd4 {
White forfeits on time } 0-1

[Event "ICC tourney 2530 (3 2)"]
[Site "Internet Chess Club"]
[Date "2021.04.23"]
[Round "4"]
[White "RODIC, ELLIOT:K09-16510635"]
[Black "SUN, YICHEN:K09-30153816"]
[Result "1-0"]
[ICCResult "Black checkmated"]
[WhiteElo "1400"]
[BlackElo "1400"]
[Opening "Sicilian: Alapin's variation (2.c3)"]
[ECO "B22"]
[NIC "SI.46"]
[Time "18:54:00"]
[PlyCount "59"]
[TimeControl "180+2"]

1. e4 c5 2. c3 Nf6 3. d3 e5 4. Nf3 Nc6 5. c4 g6 6. Bg5 Bg7 7. g3 Nd4 8.
Nxd4 cxd4 9. Nd2 h6 10. Bxf6 Bxf6 11. Nf3 d6 12. Bg2 Bg4 13. O-O h5 14.
Qa4+ Ke7 15. h3 Bd7 16. Qb4 b6 17. a4 g5 18. a5 g4 19. hxg4 hxg4 20. Nh4
Ke6 21. axb6 Bxh4 22. b7 Rb8 23. Rxa7 Bc6 24. c5 Bxg3 25. Qc4+ Kd7 26. fxg3
Kc7 27. Rxf7+ Bd7 28. cxd6+ Kxd6 29. Ra6+ Bc6 30. Qxc6# { Black checkmated
} 1-0

[Event "ICC tourney 2530 (3 2)"]
[Site "Internet Chess Club"]
[Date "2021.04.23"]
[Round "4"]
[White "NIRAG SHAH, ARYA:K12-17096474"]
[Black "BALAMURUGAN, ABHIJAY:K09-16913354"]
[Result "0-1"]
[ICCResult "White resigns"]
[WhiteElo "1400"]
[BlackElo "1400"]
[Opening "Queen's pawn, Mason variation"]
[ECO "D00"]
[NIC "QP.08"]
[Time "18:53:26"]
[PlyCount "70"]
[TimeControl "180+2"]

1. d4 d5 2. Bf4 Nc6 3. e3 Bf5 4. c4 dxc4 5. Bxc4 Nf6 6. Nc3 e6 7. Nf3 Bd6
8. Bg3 O-O 9. O-O Bxg3 10. hxg3 Re8 11. a3 a6 12. b4 b5 13. Bd3 Bxd3 14.
Qxd3 e5 15. Qd1 exd4 16. Nxd4 Nxd4 17. Qxd4 Qxd4 18. exd4 Red8 19. Rfd1 Rd7
20. Rac1 Rad8 21. Ne2 Nd5 22. Rc6 Rd6 23. Rc5 h6 24. Kf1 Kf8 25. Rd3 R8d7
26. Ke1 Nb6 27. Rdc3 Nc4 28. a4 Rb6 29. axb5 axb5 30. Kd1 c6 31. Kc2 Ra6
32. Kb3 Ra3+ 33. Kc2 Ra2+ 34. Kd1 Rd2+ 35. Ke1 Re7 { White resigns } 0-1

[Event "ICC tourney 2530 (3 2)"]
[Site "Internet Chess Club"]
[Date "2021.04.23"]
[Round "4"]
[White "MALLADI, SADKRITH:K09-15797710"]
[Black "DAS, ROMIR:K09-17353705"]
[Result "1-0"]
[ICCResult "Black checkmated"]
[WhiteElo "1400"]
[BlackElo "1400"]
[Opening "Scotch opening"]
[ECO "C44"]
[NIC "KP.10"]
[Time "18:53:49"]
[PlyCount "73"]
[TimeControl "180+2"]

1. e4 e5 2. Nf3 Nc6 3. d4 f6 4. dxe5 fxe5 5. Bc4 d6 6. Ng5 Nh6 7. Qh5+ g6
8. Qf3 Qe7 9. Nc3 Bd7 10. Nd5 Qg7 11. Nxc7+ Kd8 12. Nge6+ Bxe6 13. Nxe6+
Ke7 14. Nxg7 Bxg7 15. Bxh6 Rhf8 16. Qh3 Nd4 17. Bxg7 Rfe8 18. Qe6+ Nxe6 19.
Bxe6 Kxe6 20. O-O Rg8 21. Bh6 g5 22. h4 Rg7 23. Bxg7 gxh4 24. Bh6 Rg8 25.
Kh2 Rg6 26. Be3 d5 27. exd5+ Kxd5 28. Rad1+ Ke4 29. Rfe1 Kf5 30. Kh3 Rg4
31. g3 hxg3 32. fxg3 a6 33. Rf1+ Ke4 34. Kxg4 Kxe3 35. Rfe1+ Kf2 36. Rxe5
Kg2 37. Re2# { Black checkmated } 1-0

[Event "ICC tourney 2530 (3 2)"]
[Site "Internet Chess Club"]
[Date "2021.04.23"]
[Round "4"]
[White "V MEHTA, SOHUM:K09-15597521"]
[Black "CHA, SAMUEL:K12-30048965"]
[Result "1-0"]
[ICCResult "Black checkmated"]
[WhiteElo "1400"]
[BlackElo "1165"]
[Opening "French: King's Indian attack"]
[ECO "C00"]
[NIC "FR.02"]
[Time "18:53:41"]
[PlyCount "81"]
[TimeControl "180+2"]

1. e4 e6 2. d3 d5 3. Nd2 Nf6 4. Ngf3 c6 5. g3 Bd6 6. e5 Bxe5 7. Nxe5 Qd6 8.
Nef3 Na6 9. Bg2 Bd7 10. O-O O-O-O 11. Re1 h6 12. Ne5 g5 13. Nxf7 Qe7 14.
Nxd8 Rxd8 15. Qe2 g4 16. f3 h5 17. fxg4 hxg4 18. Nb3 Rh8 19. Bg5 Qg7 20.
Bxf6 Qxf6 21. Qxg4 e5 22. Qf3 Qh6 23. h4 Nb4 24. Re2 Rg8 25. a3 Bg4 26. Qe3
Qxe3+ 27. Rxe3 Nxc2 28. Rxe5 Nxa1 29. Nxa1 Bd7 30. Kh2 Kc7 31. Nc2 Kd6 32.
Rg5 Rf8 33. Kg1 Bf5 34. Nb4 a5 35. Na2 Bxd3 36. Rg7 b5 37. h5 Rh8 38. Bf3
Bc4 39. Nc3 Kc5 40. Rg6 d4 41. Rxc6# { Black checkmated } 1-0

[Event "ICC tourney 2530 (3 2)"]
[Site "Internet Chess Club"]
[Date "2021.04.23"]
[Round "4"]
[White "DARILEK, MILES:K09-30135218"]
[Black "GERALD AVERY, JOHN:K09-16706744"]
[Result "0-1"]
[ICCResult "White checkmated"]
[WhiteElo "1400"]
[BlackElo "1400"]
[Opening "Queen's pawn game, Darooha variation "]
[ECO "D02"]
[NIC "QP.08"]
[Time "18:53:38"]
[PlyCount "48"]
[TimeControl "180+2"]

1. d4 d5 2. Nf3 Nf6 3. g3 e6 4. Bg2 c5 5. c3 Nc6 6. O-O Bd6 7. Bg5 O-O 8.
Bxf6 Qxf6 9. c4 dxc4 10. Nc3 cxd4 11. Nb5 Bc5 12. Nc7 Rb8 13. Na6 bxa6 14.
b3 cxb3 15. axb3 Rd8 16. Rb1 Nb4 17. Nd2 d3 18. exd3 Rxd3 19. Be4 Rd4 20.
Bc6 Nxc6 21. Qc1 Qg5 22. f4 Rxd2+ 23. Kh1 Qd5+ 24. Rf3 Qxf3# { White
checkmated } 0-1

[Event "ICC tourney 2530 (3 2)"]
[Site "Internet Chess Club"]
[Date "2021.04.23"]
[Round "4"]
[White "LAMPING, ANDREW:K09-16230258"]
[Black "REDDY ALEGONDA, ADVIK:K09-30160404"]
[Result "1-0"]
[ICCResult "Black checkmated"]
[WhiteElo "1400"]
[BlackElo "1400"]
[Opening "French: advance variation"]
[ECO "C02"]
[NIC "FR.03"]
[Time "18:53:16"]
[PlyCount "69"]
[TimeControl "180+2"]

1. e4 e6 2. d4 d5 3. e5 Nc6 4. Nf3 Nge7 5. Be3 Ng6 6. Qd3 Bb4+ 7. c3 Ba5 8.
Na3 Bb6 9. O-O-O O-O 10. c4 Ba5 11. cxd5 exd5 12. Bd2 Bxd2+ 13. Qxd2 Bg4
14. Be2 Bxf3 15. Bxf3 Nh4 16. Qf4 Ng6 17. Qg4 Qe7 18. Rhe1 Nb4 19. Kb1 Rac8
20. e6 Qd6 21. exf7+ Rxf7 22. Qxc8+ Rf8 23. Re8 Rxe8 24. Qxe8+ Nf8 25. Qe5
Qxe5 26. dxe5 Nc6 27. Bxd5+ Kh8 28. Bxc6 bxc6 29. Rd8 c5 30. e6 Kg8 31. e7
Kf7 32. e8=Q+ Kf6 33. Qxf8+ Ke6 34. f4 c6 35. Rd6# { Black checkmated } 1-0